 Dungeon Crawl Stone Soup version 0.18-a0-1273-g8ec5f8e (webtiles) character file.

146 dvd the Chiller (level 4, -6/34 HPs)
             Began as a Demigod Ice Elementalist on Feb 7, 2016.
             Mangled by an orc priest
             ... wielding a +0 dagger
              (7 damage)
             ... on level 3 of the Dungeon.
             The game lasted 00:08:30 (2968 turns).

dvd the Chiller (Demigod Ice Elementalist)          Turns: 2968, Time: 00:08:30

Health: -6/34      AC:  6    Str: 13    XL:     4   Next: 79%
Magic:  10/10      EV: 13    Int: 19    God:
Gold:   108        SH:  0    Dex: 16    Spells: 3 memorised, 2 levels left

rFire  . . .     SeeInvis .     r - +4 club
rCold  . . .     Gourm    .     g - +1 robe
rNeg   . . .     Faith    .     (no shield)
rPois  +         Spirit   .     i - +2 hat
rElec  .         Dismiss  .     o - +0 cloak
rCorr  .         Reflect  .     (no gloves)
SustAt +         Harm     .     (no boots)
MR     .....     Rnd*Tele +     (no amulet)
Stlth  ++........               l - ring of poison resistance
                                n - ring of teleportation (curse)

@: very slightly contaminated, not resistant to hostile enchantments, unstealthy
A: high mp 1, sustain attributes
a: no special abilities


You were on level 3 of the Dungeon.
You were not hungry.

You visited 1 branch of the dungeon, and saw 3 of its levels.

You collected 108 gold pieces.

Inventory:

Hand Weapons
 a - a +0 dagger
 r - a +4 club (weapon)
 s - a +0 quarterstaff
Armour
 g - a +1 robe (worn)
 i - a +2 hat (worn)
 o - a +0 cloak (worn)
Jewellery
 e - an uncursed ring of positive energy
 l - a ring of poison resistance (right hand)
 n - a cursed ring of teleportation (left hand)
Scrolls
 d - 5 scrolls of teleportation
 h - 2 scrolls of identify
 p - 2 scrolls of amnesia
 t - a scroll of magic mapping
 w - a scroll of blinking {unknown}
Potions
 k - a potion of lignification
 u - a potion of might {unknown}
 v - a potion of magic
Books
 b - a book of Frost

   Spells                             Type                      Level
   a - Freeze                         Ice                          1
   b - Throw Frost                    Conjuration/Ice              2
   c - Ozocubu's Armour               Charms/Ice                   3
   d - Throw Icicle                   Conjuration/Ice              4
   e - Summon Ice Beast               Ice/Summoning                4
   f - Condensation Shield            Ice                          4
Comestibles
 c - a bread ration
 f - a royal jelly
 j - a meat ration
 m - 2 slices of pizza
 q - a chunk of flesh


   Skills:
 + Level 0.3 Fighting
 + Level 0.1 Short Blades
 + Level 2.5 Dodging
 + Level 2.6 Stealth
 + Level 2.6 Spellcasting
 + Level 1.0 Conjurations
 + Level 0.1 Charms
 + Level 3.6 Ice Magic


You had 2 spell levels left.
You knew the following spells:

 Your Spells              Type           Power        Failure   Level  Hunger
a - Freeze                Ice            ###.         4%          1    None
b - Throw Frost           Conj/Ice       ##....       10%         2    ##.....
c - Ozocubu's Armour      Chrm/Ice       #.......     21%         3    ###....


Dungeon Overview and Level Annotations

Branches:
Dungeon (3/15)


Innate Abilities, Weirdness & Mutations

You have an increased reservoir of magic (+10% MP).
Your attributes are resistant to harm.


Message History

Unknown command.
Casting: Freeze
Confirm with . or Enter, or press ? or * to list all spells.
Aiming: Freeze
Press: ? - help, Shift-Dir - straight line, f - orc priest
Aim: an orc priest, wielding a dagger and wearing a leather armour (moderately wounded)
You freeze the orc priest.
The orc priest is moderately wounded.
The orc priest mumbles some strange prayers to Beogh against you.
Something smites you!
You hit the orc priest.
The orc priest is heavily wounded.
The orc priest calls down the wrath of Beogh upon you.
Something smites you!
* * * LOW HITPOINT WARNING * * *
The orc priest closely misses you.
Drink which item? (? for menu, Esc to quit)
It was a potion of magic.
Magic courses through your body. The orc priest hits you with a dagger!
You die...

#.# #..........# #.#
#.#######..#
#############
##.#####.#.)...#..#
#..........#≈
#.................#
#.##########≈
########..........# #.#
#......'. #..........#
#.###.######≈
#..........#
#.##.......#≈
#..#####..##
#.##.......##
#........@####.##.......#
##..#....o.....###.######
#......#†########.#....#
#.................#.##.#
##.################.##.##
#...........# #.##...
#...#######.######.#####
#...# #.........#.#....
#...# #....####.#.#.##.


You could see an orc priest.

Vanquished Creatures
  Ijyb (D:3)
  4 adders
  3 oozes
  2 worms (D:2)
  2 giant geckos
  5 orcs (D:3)
  2 ball pythons (D:1)
  7 bats
  2 giant cockroaches
  9 goblins
  8 hobgoblins
  3 quokkas
  A giant newt (D:2)
  7 kobolds
  4 rats
60 creatures vanquished.

Notes
Turn   | Place    | Note
--------------------------------------------------------------
     0 | D:1      | dvd the Demigod Ice Elementalist began the quest for the Orb.
     0 | D:1      | Reached XP level 1. HP: 14/14 MP: 5/5
   156 | D:1      | Reached skill level 3 in Ice Magic
   206 | D:1      | Reached XP level 2. HP: 20/20 MP: 1/7
   242 | D:1      | Learned a level 2 spell: Throw Frost
   879 | D:1      | Reached XP level 3. HP: 26/26 MP: 5/8
  1090 | D:1      | Learned a level 3 spell: Ozocubu's Armour
  1463 | D:2      | Learned a level 1 spell: Freeze
  1535 | D:2      | Found an oddly glowing altar of Pakellas.
  2110 | D:2      | Reached XP level 4. HP: 33/33 MP: 8/10
  2368 | D:3      | Noticed Ijyb
  2380 | D:3      | Killed Ijyb
  2582 | D:3      | Reached skill level 1 in Conjurations
  2967 | D:3      | HP: 1/34 [orc priest/divine providence (11)]
  2968 | D:3      | Mangled by an orc priest

Vault maps used:
D:1:      dpeg_arrival_more_subterranean_lakeside_camping, minmay_misc_feat_tiny
D:2:      grunt_pakellas_basics
D:3:      old_standard_altar, kennysheep_generic_room_13, uniq_iyjb

Action                   |  1- 3 |  4- 6 || total
-------------------------+-------+-------++-------
Melee: Unarmed           |     1 |       ||     1
       Dagger            |    74 |     2 ||    76
       Club              |       |     8 ||     8
 Cast: Freeze            |    37 |    33 ||    70
       Throw Frost       |    12 |     5 ||    17
       Ozocubu's Armour  |     3 |     2 ||     5
  Use: Scroll            |     6 |       ||     6
       Potion            |       |     1 ||     1
 Stab: Sleeping          |     4 |     2 ||     6
  Eat: Chunk             |     5 |     4 ||     9
